 Dungeon Crawl Stone Soup version 0.15.2 (webtiles) character file.

31731 Heini the Bludgeoner (level 13, -16/122 (124) HPs)
             Began as a Minotaur Fighter on Jan 31, 2015.
             Was the Champion of Okawaru.
             Killed from afar by a fire crab (29 damage)
             ... with a blast of flame
             ... on Level 7 of the Lair of Beasts.
             The game lasted 00:53:42 (16090 turns).

Heini the Bludgeoner (Minotaur Fighter)            Turns: 16090, Time: 00:53:42

HP -16/122 (124) AC 24     Str 25      XL: 13   Next: 27%
MP   5/5         EV  7     Int 12      God: Okawaru [******]
Gold 1063        SH  0     Dex 11      Spells:  0 memorised, 12 levels left

rFire  . . .     SeeInvis +     m - +7 mace of Causality {venom, rElec rN+ SInv}
rCold  . . .     Clarity  .     f - +1 plate armour
rNeg   + + .     rCorr    .     (no shield)
rPois  +         rRot     .     I - +1 hat
rElec  +         Spirit   .     T - +0 cloak of the Five Stars {rPois Int+3 SInv}
SustAb .         Warding  .     U - +0 pair of gloves
rMut   .         Stasis   .     G - +0 pair of boots
Gourm  .                        (no amulet)
MR     .....                    r - cursed ring of teleport control
                                s - ring "Cheapnoamu" {rN+ Int+4}

@: lethally poisoned, not resistant to hostile enchantments, extremely
unstealthy
A: retaliatory headbutt, horns 2
a: Heroism, Finesse, Renounce Religion, Evoke Teleport Control


You were on level 7 of the Lair of Beasts.
You worshipped Okawaru.
Okawaru was exalted by your worship.
You were not hungry.

You visited 4 branches of the dungeon, and saw 18 of its levels.

You collected 1063 gold pieces.

Inventory:

Hand weapons
 a - the +9 dire flail of the Old World {flame, SInv}
   (Okawaru gifted it to you on level 3 of the Lair of Beasts)

   It emits flame when wielded, causing extra injury to most foes and up to
   double damage against particularly susceptible opponents.
   It enhances your eyesight.
 m - the +7 mace of Causality (weapon) {venom, rElec rN+ SInv}
   (You found it on level 2 of the Lair of Beasts)

   It poisons the flesh of those it strikes.
   It insulates you from electricity.
   It protects you from negative energy.
   It enhances your eyesight.
 E - a +2 arbalest of freezing
 Q - the +11 eveningstar of Lies {freeze, Str+2 Dex-2}
   (Okawaru gifted it to you on level 3 of the Lair of Beasts)

   It has been specially enchanted to freeze those struck by it, causing extra
   injury to most foes and up to double damage against particularly susceptible
   opponents.
   It can also slow down cold-blooded creatures.
   It affects your strength (+2).
   It affects your dexterity (-2).
Armour
 f - a +1 plate armour (worn)
 G - a +0 pair of boots (worn)
 I - a +1 hat (worn)
 T - the +0 cloak of the Five Stars (worn) {rPois Int+3 SInv}
   (Okawaru gifted it to you on level 4 of the Lair of Beasts)

   It affects your intelligence (+3).
   It protects you from poison.
   It enhances your eyesight.
 U - a +0 pair of gloves (worn)
Magical devices
 n - a wand of disintegration (15)
 C - a wand of disintegration (16)
 F - a wand of enslavement (13) {unknown}
 O - a wand of magic darts (18) {unknown}
 P - a wand of lightning (5) {unknown}
 W - a wand of magic darts (6) {unknown}
Comestibles
 d - 9 bread rations
 k - 12 fruits
 u - 7 beef jerkies
 A - 5 meat rations
 B - 8 slices of pizza
 K - 3 royal jellies
 V - 3 rotting chunks of giant frog flesh
Scrolls
 c - a scroll of enchant weapon
 o - 4 scrolls of magic mapping
 p - 6 scrolls of remove curse
 v - a scroll of enchant armour
 y - 3 scrolls of teleportation
 z - 2 scrolls of fear
 H - a scroll of recharging
 J - 3 scrolls of fog
 X - a scroll of summoning
 Z - 3 scrolls of blinking
Jewellery
 r - a cursed ring of teleport control (right hand)
 s - the ring "Cheapnoamu" (left hand) {rN+ Int+4}
   (You found it on level 6 of the Lair of Beasts)

   [ring of positive energy]

   It affects your intelligence (+4).
   It protects you from negative energy.
 t - an uncursed ring of protection from fire
 x - a +4 ring of dexterity
 L - an uncursed ring of stealth
 Y - a +4 ring of strength
Potions
 e - 2 potions of might
 g - a potion of resistance {unknown}
 h - 7 potions of restore abilities
 i - 6 potions of curing
 j - 3 potions of heal wounds
 l - 3 potions of flight
 q - 2 potions of brilliance
 w - a potion of cure mutation {unknown}
 D - a potion of berserk rage {unknown}
 M - a potion of experience {unknown}
 N - a potion of degeneration {unknown}
 R - 3 potions of porridge
 S - 2 potions of haste


   Skills:
 * Level 14.2 Fighting
 * Level 16.4 Maces & Flails
 * Level 15.2 Armour
   Level 3.6 Shields


You had 12 spell levels left.
You didn't know any spells.

Dungeon Overview and Level Annotations

Branches:
Dungeon (9/15)             Temple (1/1) D:4             Orc (1/4) D:9
   Lair (7/8) D:9           Swamp (0/5) Lair:3        Snake (0/5) Lair:3
  Slime: Lair:6-8

Altars:
Ashenzari
Cheibriados
Dithmenos
Elyvilon
Fedhas
Kikubaaqudgha
Makhleb
Nemelex Xobeh
Okawaru
Qazlal
Sif Muna
Trog
Vehumet
Xom
Yredelemnul
Zin
The Shining One
Beogh

Shops:
D:6 [   D:9 *

Annotations:
D:8 exclusion: ice statue


Innate Abilities, Weirdness & Mutations

You reflexively headbutt those who attack you in melee.
You have a pair of horns on your head.


Message History

You feel sick.
You feel sick. The black mamba barely misses you.
The black mamba bites you but does no damage.
You feel sick.
The black mamba bites you but does no damage.
You feel sick.
The black mamba bites you but does no damage.
You feel sick. The black mamba barely misses you.
You sock the black mamba!
You kill the black mamba!
Okawaru accepts your kill. The fire crab breathes flames at you.
The blast of flame misses you.
You are engulfed in roaring flames.
* * * LOW HITPOINT WARNING * * *
You feel sick.
You hear a grinding noise.
The fire crab breathes flames at you. The blast of flame engulfs you!
You die...

.## ##.........## ..#
#.........## ... ##..........#
..# #.........P.## ..# ###
###..........# ..###### ##.##
##.....P...#
...#...###.#.#########...P.#P..##
.......##....§##..#.......P#PP#.#
............§§t§@.............###
.............§§§............#.P##
.P..............................#
..............#P...............#.
.#.............................P.
..............#..................
....................#...........#
.P......#..............#.........
....?.....>.........<............


You could see a fire crab.

Vanquished Creatures
  Harold (Lair:5)
  4 hydras
  6 elephants (Lair:7)
  8 spiny frogs
  Maurice (D:9)
  A griffon (Lair:5)
  A queen ant (Lair:7)
  3 black mambas
  A feature mimic (Lair:3)
  4 komodo dragons
  A polar bear (Lair:3)
  A two-headed ogre (D:9)
  A boulder beetle (Lair:5)
  9 blink frogs
  A basilisk (Lair:3)
  A hill giant zombie (D:7)
  Eustachio (D:9)
  5 humans
  27 yaks
  A steam dragon (Lair:7)
  The ghost of Zrachosh the Insei, an average DgTm (D:4)
  10 hippogriffs
  Menkaure (D:4)
  17 wolves
  2 soldier ants (Lair:7)
  6 swamp worms (Lair:3)
  12 water moccasins
  9 porcupines
  3 necrophages
  4 ice beasts
  2 sky beasts (D:5)
  A centaur (D:8)
  The ghost of Heini the Covered, an average MiFi (D:3)
  A phantom (D:4)
  8 orc warriors
  4 black bears
  5 ogres
  Duvessa (D:4)
  7 crocodiles
  11 giant frogs
  3 big kobolds
  2 scorpions
  A yak zombie (D:9)
  2 electric eels
  Dowan (D:4)
  3 crimson imps
  9 orc priests
  4 goliath beetles
  5 orc wizards
  A giant frog zombie (D:5)
  5 iguanas
  A giant frog skeleton (D:7)
  12 hounds
  20 worker ants
  24 sheep
  An ogre zombie (D:6)
  A mummy (D:9)
  18 adders
  55 green rats
  2 orc skeletons
  A shadow imp (D:5)
  5 gnolls
  A white imp (D:9)
  A worm (D:5)
  2 adder zombies
  An iguana skeleton (D:7)
  3 giant geckos
  47 orcs
  9 bats
  A bat zombie (D:7)
  7 giant cockroaches
  15 hobgoblins
  10 quokkas
  A giant gecko skeleton (D:5)
  2 giant newts
  A giant spore (D:8)
  11 goblins
  11 jackals
  26 kobolds
  12 rats
  A rat skeleton (D:6)
  4 ballistomycetes
  A fungus (Lair:1)
527 creatures vanquished.

Vanquished Creatures (others)
  A hill giant skeleton (D:9)
  A giant spore (D:7)
  2 plants (Lair:4)
4 creatures vanquished.

Grand Total: 531 creatures vanquished

Notes
Turn   | Place    | Note
--------------------------------------------------------------
     0 | D:1      | Heini, the Minotaur Fighter, began the quest for the Orb.
     0 | D:1      | Reached XP level 1. HP: 19/19 MP: 1/1
   215 | D:1      | Reached skill level 4 in Armour
   215 | D:1      | Reached XP level 2. HP: 25/27 MP: 1/1
   743 | D:2      | Reached XP level 3. HP: 33/33 MP: 2/2
   942 | D:2      | Reached skill level 5 in Armour
   993 | D:2      | Found a snail-covered altar of Cheibriados.
   999 | D:2      | Found a sparkling altar of Nemelex Xobeh.
  1292 | D:3      | Reached XP level 4. HP: 36/41 MP: 2/2
  1439 | D:3      | Noticed Heini's ghost (average MiFi)
  1447 | D:3      | Killed Heini's ghost
  1447 | D:3      | Reached XP level 5. HP: 40/47 MP: 2/2
  1888 | D:3      | Reached skill level 5 in Fighting
  1927 | D:3      | Reached skill level 6 in Armour
  2352 | D:4      | Noticed a phantom
  2358 | D:4      | Reached XP level 6. HP: 46/56 MP: 3/3
  2376 | D:4      | Killed a phantom
  2417 | D:4      | Noticed Menkaure
  2426 | D:4      | Killed Menkaure
  2426 | D:4      | Reached skill level 7 in Armour
  2477 | D:4      | Noticed Zrachosh's ghost (average DgTm)
  2489 | D:4      | Killed Zrachosh's ghost
  2489 | D:4      | Reached skill level 5 in Maces & Flails
  2489 | D:4      | Reached XP level 7. HP: 38/63 MP: 3/3
  2527 | D:4      | Found a staircase to the Ecumenical Temple.
  2533 | D:4      | Noticed Duvessa
  2533 | D:4      | Noticed Dowan
  2537 | Temple   | Entered the Ecumenical Temple
  2603 | Temple   | Became a worshipper of Warmaster Okawaru
  2650 | D:4      | Killed Duvessa
  2724 | D:4      | Killed Dowan
  3192 | D:5      | Entered Level 5 of the Dungeon
  3279 | D:5      | Reached skill level 8 in Armour
  3616 | D:5      | Reached XP level 8. HP: 56/71 MP: 3/3
  3657 | D:5      | Acquired Okawaru's first power
  4463 | D:6      | Reached skill level 9 in Armour
  4666 | D:6      | Reached XP level 9. HP: 49/81 MP: 4/4
  4873 | D:6      | Found Cletanet's Antique Armour Emporium.
  5048 | D:6      | Found a shattered altar of Ashenzari.
  5509 | D:6      | Reached skill level 10 in Armour
  6395 | D:7      | HP: 2/82 [orc warrior/glaive (9)]
  6622 | D:7      | Found an ancient bone altar of Kikubaaqudgha.
  6712 | D:7      | Reached skill level 10 in Maces & Flails
  7248 | D:8      | Noticed an ice statue
  7322 | D:8      | Reached skill level 11 in Armour
  7485 | D:8      | Reached XP level 10. HP: 71/91 MP: 4/4
  7536 | D:8      | Found a basalt altar of Yredelemnul.
  7536 | D:8      | Found a shadowy altar of Dithmenos.
  7727 | D:9      | Reached skill level 10 in Fighting
  7958 | D:9      | Noticed Maurice
  7970 | D:9      | Killed Maurice
  8061 | D:9      | Acquired Okawaru's second power
  8127 | D:9      | Found a roughly hewn altar of Beogh.
  8128 | D:9      | Found a staircase to the Orcish Mines.
  8143 | D:9      | Received a gift from Okawaru
  8459 | D:9      | Found a staircase to the Lair.
  8459 | D:9      | Found a glowing silver altar of Zin.
  8509 | D:9      | Reached skill level 12 in Maces & Flails
  8542 | D:9      | Noticed Eustachio
  8563 | D:9      | Killed Eustachio
  8665 | D:9      | Found Geurref's General Store.
  8826 | Orc:1    | Entered Level 1 of the Orcish Mines
  8895 | Lair:1   | Entered Level 1 of the Lair of Beasts
  9021 | Lair:1   | Reached XP level 11. HP: 88/100 MP: 4/4
  9704 | Lair:1   | Reached skill level 13 in Maces & Flails
 10326 | Lair:2   | Received a gift from Okawaru
 10713 | Lair:2   | Got a polished mace
 11154 | Lair:2   | Identified the +7 mace of Causality {venom, rElec rN+ SInv} (You found it on level 2 of the Lair of Beasts)
 11364 | Lair:3   | Reached skill level 14 in Maces & Flails
 11575 | Lair:3   | Noticed a four-headed hydra
 11763 | Lair:3   | Received a gift from Okawaru
 11767 | Lair:3   | Got a twisted eveningstar {god gift}
 11793 | Lair:3   | Killed a four-headed hydra
 11793 | Lair:3   | Reached XP level 12. HP: 96/111 MP: 5/5
 11895 | Lair:3   | Noticed a seven-headed hydra
 11906 | Lair:3   | Killed a seven-headed hydra
 11911 | Lair:3   | Found a staircase to the Snake Pit.
 12520 | Lair:3   | Received a gift from Okawaru
 12521 | Lair:3   | Got a sapphire dire flail {god gift}
 12537 | Lair:3   | Found a staircase to the Swamp.
 12843 | Lair:3   | Identified the +11 eveningstar of Lies {freeze, Str+2 Dex-2} (Okawaru gifted it to you on level 3 of the Lair of Beasts)
 12844 | Lair:3   | Identified the +9 dire flail of the Old World {flame, SInv} (Okawaru gifted it to you on level 3 of the Lair of Beasts)
 12910 | Lair:4   | Reached skill level 15 in Maces & Flails
 13131 | Lair:4   | Found a labyrinth entrance.
 13260 | Lair:4   | Noticed a four-headed hydra
 13268 | Lair:4   | Killed a four-headed hydra
 13425 | Lair:4   | Noticed a five-headed hydra
 13436 | Lair:4   | Killed a five-headed hydra
 13796 | Lair:4   | Received a gift from Okawaru
 13797 | Lair:4   | Got a bloodstained cloak {god gift}
 13812 | Lair:4   | Identified the +0 cloak of the Five Stars {rPois Int+3 SInv} (Okawaru gifted it to you on level 4 of the Lair of Beasts)
 14333 | Lair:5   | Noticed Harold
 14354 | Lair:5   | Killed Harold
 14354 | Lair:5   | Reached skill level 15 in Armour
 14608 | Lair:5   | Reached XP level 13. HP: 113/121 MP: 5/5
 15269 | Lair:6   | Got a flickering wooden ring
 15271 | Lair:6   | Identified the ring "Cheapnoamu" {rN+ Int+4} (You found it on level 6 of the Lair of Beasts)
 15562 | Lair:7   | Reached skill level 16 in Maces & Flails
 16090 | Lair:7   | Killed from afar by a fire crab

Action                   |  1- 3 |  4- 6 |  7- 9 | 10-12 | 13-15 || total
-------------------------+-------+-------+-------+-------+-------++-------
Melee: Flail             |    99 |   128 |   557 |   372 |       ||  1156
       Dire flail        |       |       |       |   148 |       ||   148
       Mace              |       |       |       |   402 |   209 ||   611
  Use: Scroll            |       |     8 |     5 |     7 |     5 ||    25
       Potion            |       |       |     3 |       |       ||     3
  Eat: Chunk             |     1 |     4 |    15 |    24 |     5 ||    49
       Fruit             |       |       |     2 |       |       ||     2
